 Dungeon Crawl Stone Soup version 0.23-a0-171-g5ae17c6 (webtiles) character file.

380 PegasusDuck the Poker (level 6, -1/48 HPs)
             Began as a Merfolk Gladiator on Sept 12, 2018.
             Killed from afar by an orc wizard (5 damage)
             ... with a magic dart
             ... on level 4 of the Dungeon.
             The game lasted 00:07:46 (4410 turns).

PegasusDuck the Poker (Merfolk Gladiator)           Turns: 4410, Time: 00:07:47

Health: -1/48      AC:  4    Str: 17    XL:     6   Next: 75%
Magic:  6/6        EV: 15    Int:  7    God:
Gold:   196        SH:  0    Dex: 15    Spells: 5/5 levels left

rFire    . . .     SeeInvis .   a - +1 trident
rCold    . . .     Gourm    .   (no shield)
rNeg     . . .     Faith    .   p - +0 robe (curse)
rPois    .         Spirit   .   c - +1 helmet
rElec    .         Reflect  .   (no cloak)
rCorr    .         Harm     .   (no gloves)
MR       .....                  (no boots)
Stlth    ++........             (no amulet)
HPRegen  0.16/turn              (no ring)
MPRegen  0.10/turn              (no ring)

@: lethally poisoned (-1 -> -3), slowed, drained, very slow
A: change form in water, swift swim, stealthy swim
a: no special abilities


You were on level 4 of the Dungeon.
You were not hungry.

You visited 1 branch of the dungeon, and saw 5 of its levels.

You collected 196 gold pieces.

Inventory:

Hand Weapons
 a - a +1 trident (weapon)
Missiles
 d - 3 throwing nets {!f}
 g - 6 tomahawks (quivered)
 m - 160 stones
Armour
 c - a +1 helmet (worn)
 p - a cursed +0 robe (worn)
Scrolls
 f - 3 scrolls of fear
 h - a scroll of amnesia
 i - a scroll of blinking {unknown}
 o - a scroll of magic mapping {unknown}
 r - a scroll of teleportation
Potions
 e - a potion of resistance {unknown}
 j - a potion of magic {unknown}
 l - 2 potions of brilliance
 n - a potion of agility
 q - a potion of ambrosia {unknown}
 s - 2 potions of degeneration {unknown}
 t - a potion of mutation {unknown}
Comestibles
 b - 7 rations
 k - 2 chunks of flesh


   Skills:
 + Level 3.9(3.2) Fighting
 + Level 6.2(5.4) Polearms
 + Level 3.5(2.8) Throwing
 + Level 5.6(4.9) Dodging
 - Level 3.0(2.3) Stealth


You had 5 spell levels left.
You didn't know any spells.
Your spell library contained the following spells:

 Spells                   Type           Power        Failure   Level  Hunger
 Confusing Touch          Hex            #.....       43%         1    ##.....
 Confuse                  Hex            #.......     80%         3    ####...
 Gell's Gravitas          Tloc           #.........   80%         3    ####...
 Petrify                  Tmut/Erth      #.......     99%         4    #####..
 Metabolic Englaciation   Hex/Ice        #.........   100%        5    ######.
 Yara's Violent Unravell  Hex/Tmut       #.........   100%        5    ######.


Dungeon Overview and Level Annotations

Branches:
Dungeon (5/15)
 Temple: D:4-7

Altars:
Ashenzari
Gozag
Zin

Shops:
D:4 *

Annotations:
D:3 3 runed doors, derval's ghost, amateur GnTm


Message History

The orc wizard gestures at you while chanting.
The magic dart hits you!
* * * LOW HITPOINT WARNING * * *
The orc wizard points at you and mumbles some strange words.
The magic dart hits you!
* * * LOW HITPOINT WARNING * * *
The orc wizard gestures wildly while chanting.
The orc wizard blinks!
Okay, then.
You feel sick. The orc wizard casts a spell at you.
You feel yourself slow down.
There is a stone staircase leading down here.
Unknown command.
Unknown command.
Unknown command.
You feel sick.
The orc wizard points at you and mumbles some strange words.
The magic dart hits you!
You die...

.##.###..#######.....>.##......#
.##..##.. ####.......##......#
..##.#... ............#......#
...#..... ##......#........#
#†....... #.....###.......#
#.#..#.##. #.....#⌠_..∩..###
#.......... ##....###.....#
........#..#######....#.....##
#.......##....#.@)..........#
#...........o...##..#.#######
#.......###....o##..#.####
........# ###..o.##.#....#
#.......# ###..#######.#
#.......# #.....# #.# ##.######
##.o..# #.### ##.# ##.§.# #...#
##.# ##########...# ###.#


You could see 2 orc wizards and an orc.

Vanquished Creatures
  An ogre (D:4)
  An orc priest (D:3)
  An orc wizard (D:4)
  Jessica (D:2)
  2 worker ants (D:4)
  7 adders
  An ooze (D:1)
  3 worms
  2 dart slugs (D:1)
  2 leopard geckos
  12 orcs
  A ball python (D:1)
  5 bats
  A giant cockroach (D:2)
  6 hobgoblins
  4 jackals
  4 quokkas
  5 frilled lizards
  7 goblins
  3 kobolds
  7 rats
76 creatures vanquished.

Notes
Turn   | Place    | Note
-------+----------+-------------------------------------------
     0 | D:1      | PegasusDuck the Merfolk Gladiator began the quest for the
                  | Orb.
     0 | D:1      | Reached XP level 1. HP: 16/16 MP: 1/1
    10 | D:1      | Noticed a centaur
    91 | D:1      | Reached XP level 2. HP: 19/23 MP: 2/2
   499 | D:1      | Reached XP level 3. HP: 20/28 MP: 3/3
   971 | D:2      | Reached skill level 5 in Polearms
  1261 | D:2      | Found a shattered altar of Ashenzari.
  1261 | D:2      | Noticed Jessica
  1417 | D:2      | Reached skill level 1 in Stealth
  1417 | D:2      | Reached XP level 4. HP: 21/34 MP: 4/4
  1429 | D:2      | Killed Jessica
  2310 | D:2      | Reached XP level 5. HP: 41/41 MP: 5/5
  2587 | D:3      | Reached skill level 5 in Dodging
  2726 | D:3      | Found a runed gate.
  2727 | D:3      | Found an opulent altar of Gozag.
  2730 | D:3      | Found a runed gate.
  2730 | D:3      | Found a runed gate.
  2730 | D:3      | Noticed derval's ghost (amateur GnTm)
  3401 | D:4      | Noticed an ogre
  3513 | D:4      | Reached XP level 6. HP: 15/47 MP: 6/6
  3523 | D:5      | Entered Level 5 of the Dungeon
  4277 | D:4      | Found Zin's Purification Station.
  4295 | D:4      | Found a glowing silver altar of Zin.
  4316 | D:4      | Reached skill level 6 in Polearms
  4410 | D:4      | Killed from afar by an orc wizard

Vault maps used:
D:1:      evilmike_arrival_come_back, minmay_tripent
D:2:      ashenzari_conservatory_becter, first_ration,
          kennysheep_generic_room_11, uniq_jessica
D:3:      nicolae_overflow_hidden_temple, ebering_ghost_gozag
D:4:      zin_purify
D:5:      lemuel_zombie_altar_kikubaaqudgha, kennysheep_mini_moat,
          lemuel_doored_altar, guppyfry_shop_venom, uniq_eustachio

Skill      XL: |  1  2  3  4  5  6 |
---------------+-------------------+-----
Polearms       | 5 6 |  6.2
Stealth        | 1 2 3 |  3.0
Fighting       | 3 |  3.9
Throwing       | 3 |  3.5
Dodging        | 5 |  5.6

Action                   |  1- 3 |  4- 6 || total
-------------------------+-------+-------++-------
Melee: Trident           |   109 |   191 ||   300
Throw: Stone             |       |    11 ||    11
  Use: Scroll            |     6 |     7 ||    13
       Potion            |       |     4 ||     4
 Stab: Distracted        |     1 |       ||     1
       Sleeping          |     4 |     7 ||    11
  Eat: Ration            |     1 |       ||     1
       Chunk             |       |     8 ||     8
Armor: Leather armour    |    10 |       ||    10
       Robe              |     4 |    26 ||    30
Dodge: Dodged            |    65 |   141 ||   206

Table legend:
 A = Non-vault XP
 B = Vault XP
 C = Vault XP percentage of total XP
 D = Non-vault monster count
 E = Vault monster count
 F = Vault count percentage of total count
                 A         B        C        D         E       F
            +---------+---------+-------+---------+---------+-------
      Total |     501 |      42 |   7.7 |      71 |       5 |   6.6
            +---------+---------+-------+---------+---------+-------
        D:1 |      45 |       3 |   6.2 |      21 |       2 |   8.7
        D:2 |      91 |      39 |  30.0 |      16 |       3 |  15.8
        D:3 |     105 |       0 |   0.0 |      19 |       0 |   0.0
        D:4 |     258 |       0 |   0.0 |      14 |       0 |   0.0
        D:5 |       2 |       0 |   0.0 |       1 |       0 |   0.0
            +---------+---------+-------+---------+---------+-------
